 Dungeon Crawl Stone Soup version 0.18-a0-1126-ga2d7f46 (webtiles) character file.

56 st0uf the Insei (level 3, -6/28 HPs)
             Began as a Draconian Transmuter on Jan 21, 2016.
             Mangled by a gnoll
             ... wielding a +0 whip of venom
              (7 damage)
             ... on level 3 of the Dungeon.
             The game lasted 00:02:47 (402 turns).

st0uf the Insei (Draconian Transmuter)               Turns: 402, Time: 00:02:47

Health: -6/28      AC:  5    Str: 12    XL:     3   Next: 71%
Magic:  4/6        EV: 12    Int: 13    God:
Gold:   16         SH:  0    Dex: 12    Spells: 1 memorised, 5 levels left

rFire  . . .     SeeInvis .       - Unarmed
rCold  . . .     Gourm    .     (armour unavailable)
rNeg   . . .     Faith    .     (no shield)
rPois  .         Spirit   .     (helmet restricted)
rElec  .         Dismiss  .     (no cloak)
rCorr  .         Reflect  .     (no gloves)
SustAt .         Harm     .     (no boots)
MR     .....                    (no amulet)
Stlth  +.........               (no ring)
                                (no ring)

@: appendage (expiring), very slightly contaminated, not resistant to hostile
enchantments, very unstealthy
A: unfitting armour, horns 2, cold-blooded, AC +5
a: End Transformation


You were on level 3 of the Dungeon.
You were not hungry.
You had grown temporary horns.
You visited 1 branch of the dungeon, and saw 3 of its levels.

You collected 16 gold pieces.

Inventory:

Missiles
 a - 12 arrows
Scrolls
 d - a scroll of immolation {unknown}
 e - 2 scrolls of remove curse {unknown}
 f - a scroll of amnesia {unknown}
Books
 b - a book of Changes

   Spells                             Type                      Level
   a - Beastly Appendage              Transmutation                1
   b - Sticks to Snakes               Transmutation                2
   c - Spider Form                    Transmutation/Poison         3
   d - Ice Form                       Ice/Transmutation            4
   e - Blade Hands                    Transmutation                5
Comestibles
 c - 2 bread rations
 g - 2 fruits
 h - 4 chunks of flesh


   Skills:
 + Level 1.3 Fighting
 + Level 2.1 Dodging
 * Level 3.8 Unarmed Combat
 + Level 2.2 Spellcasting
 * Level 2.6 Transmutations


You had 5 spell levels left.
You knew the following spells:

 Your Spells              Type           Power        Failure   Level  Hunger
a - Beastly Appendage     Trmt           #.....       10%         1    ##.....


Dungeon Overview and Level Annotations

Branches:
Dungeon (3/15)

Altars:
Beogh

Annotations:
D:2 Robin


Innate Abilities, Weirdness & Mutations

Your plain brown scales are hard (AC +5).
Your body does not fit into most forms of armour.
You are cold-blooded and may be slowed by cold attacks.
You have a pair of horns on your head.


Message History

You headbutt the gnoll, but do no damage.
You tail-slap the gnoll, but do no damage.
The gnoll is almost dead.
You hit the gnoll. You headbutt the gnoll.
You kill the gnoll!
Your transformation is almost over.
A gnoll comes into view. It is wielding a spear.
You closely miss the gnoll.
Your tail-slap misses the gnoll.
A gnoll comes into view. It is wielding a whip of venom.
You hit the gnoll. You headbutt the gnoll.
Your tail-slap misses the gnoll.
The gnoll is heavily wounded.
The gnoll hits you with a spear.
* * * LOW HITPOINT WARNING * * *
The gnoll misses you.
You barely miss the gnoll.
Your tail-slap misses the gnoll.
The gnoll is heavily wounded.
The gnoll hits you with a spear.
* * * LOW HITPOINT WARNING * * *
The gnoll hits you with a whip of venom!
You die...

#. .## #.###### ..# ###
#......# #.# ### ##.$.
#<....## #.# ....
#.8$8.#......# ###.##.....
#_.$..oo.....# #..<.......
#.8.8.#...g..###.......###
##$..######...##.#.##..#
#### ##.###.#@#..# .# #.##
#gg##.#..# #.# #.....>..#
#.## ##รท.......#
##.###...##.####
##...........
#.##.#.###.## ......#.# .
###.####.# ##


You could see 2 gnolls.

Vanquished Creatures
  An orc priest (D:3)
  A gnoll (D:3)
  A giant gecko (D:1)
  2 orcs
  2 hobgoblins
  3 jackals (D:2)
  2 bats
  2 giant newts
  3 rats
17 creatures vanquished.

Vanquished Creatures (others)
  21 toadstools (D:3)
21 creatures vanquished.

Grand Total: 38 creatures vanquished

Notes
Turn   | Place    | Note
--------------------------------------------------------------
     0 | D:1      | st0uf the Draconian Transmuter began the quest for the Orb.
     0 | D:1      | Reached XP level 1. HP: 16/16 MP: 3/3
    41 | D:2      | Noticed Robin
   162 | D:2      | Reached XP level 2. HP: 21/23 MP: 3/5
   297 | D:3      | Found a roughly hewn altar of Beogh.
   366 | D:3      | Reached XP level 3. HP: 17/28 MP: 2/6
   402 | D:3      | HP: 1/28 [gnoll/spear (2)]
   402 | D:3      | Mangled by a gnoll

Vault maps used:
D:1:      evilmike_arrival_run_for_it
D:2:      first_bread, serial_forest, infiniplex_forest_clump_large,
          infiniplex_forest_zigzag_2, infiniplex_forest_lined_ring,
          infiniplex_forest_end_2, infiniplex_forest_lined_1,
          infiniplex_forest_clump_medium, uniq_natasha, uniq_robin, uniq_iyjb
D:3:      tgw_fedhas, kennysheep_orc_chapel

Action                   || total
-------------------------++-------
Melee: Unarmed           ||    63
 Cast: Beastly Appendage ||    11
